 Dungeon Sprint DCSS version 0.25.1-2-g60ff931df9 (webtiles) character file.

Game seed: 9199798869421512592

621 Groucho the Blocker (level 7, -10/63 HPs)
             Began as a Gnoll Fighter on Oct 4, 2020.
             Was a Priest of Cheibriados.
             Shot with an arrow by a centaur warrior (13 damage)
             ... in the Dungeon (Sprint IX: "|||||||||||||||||||||||||||||").
             The game lasted 00:01:53 (734 turns).

Groucho the Blocker (Gnoll Fighter)                  Turns: 734, Time: 00:01:54

Health: -10/63     AC: 13    Str: 30    XL:     7   Next: 46%
Magic:  12/15      EV: 12    Int: 18    God:    Cheibriados [***...]
Gold:   0          SH: 14    Dex: 27    Spells: 16/16 levels left

rFire    . . .     SeeInvis .   o - +2 scimitar (flame)
rCold    . . .     Gourm    .   c - +0 kite shield
rNeg     . . .     Faith    .   p - +1 chain mail
rPois    .         Spirit   .   a - +0 helmet
rElec    .         Reflect  .   (no cloak)
rCorr    .         Harm     .   (no gloves)
MR       .....     NoTele   +   (no boots)
Stlth    +.........             (no amulet)
HPRegen  0.20/turn              b - +3 ring of dexterity
MPRegen  0.14/turn              q - +3 ring of strength

@: very slow
A: distributed training, fangs 1, strong nose
a: Bend Time, Temporal Distortion, Renounce Religion


You were in the Dungeon.
You worshipped Cheibriados.
Cheibriados was most pleased with you.
You were not hungry.

You visited 1 branch

Inventory:

Hand Weapons
 n - the +7 Spriggan's Knife {stab, EV+4 Stlth+}
   (You found it in the Dungeon)

   It affects your evasion (+4).
   It makes you more stealthy.
 o - a +2 scimitar of flaming (weapon)
Armour
 a - a +0 helmet (worn)
 c - a +0 kite shield (worn)
 p - a +1 chain mail (worn)
Jewellery
 b - a +3 ring of dexterity (left hand)
 q - a +3 ring of strength (right hand)
Wands
 m - a wand of acid (10)
Scrolls
 j - 3 scrolls of remove curse
 k - 2 scrolls of blinking
 l - 2 scrolls of amnesia
Potions
 d - a potion of might
 e - 5 potions of curing
 g - 3 potions of heal wounds
 h - a potion of invisibility
 i - 4 potions of magic
Comestibles
 f - a ration


   Skills:
 + Level 8.6 Fighting
 + Level 5.4 Short Blades
 + Level 7.2 Long Blades
 + Level 5.4 Axes
 + Level 5.4 Maces & Flails
 + Level 5.4 Polearms
 + Level 5.4 Staves
 + Level 5.4 Slings
 + Level 5.4 Bows
 + Level 5.4 Crossbows
 + Level 5.4 Throwing
 + Level 8.6 Armour
 + Level 5.4 Dodging
 + Level 5.4 Stealth
 + Level 8.6 Shields
 + Level 5.4 Unarmed Combat
 + Level 5.4 Spellcasting
 + Level 4.5 Conjurations
 + Level 4.5 Hexes
 + Level 4.5 Charms
 + Level 4.5 Summonings
 + Level 4.5 Necromancy
 + Level 4.5 Translocations
 + Level 4.5 Transmutations
 + Level 4.5 Fire Magic
 + Level 4.5 Ice Magic
 + Level 4.5 Air Magic
 + Level 4.5 Earth Magic
 + Level 4.5 Poison Magic
 + Level 6.0 Invocations
 + Level 5.4 Evocations


You had 16 spell levels left.
You didn't know any spells.
Your spell library was empty.

Dungeon Overview and Level Annotations

Branches:
Dungeon (1/1)

Altars:
Cheibriados
Dithmenos
Elyvilon
Fedhas
Gozag
Hepliaklqana
Kikubaaqudgha
Makhleb
Nemelex Xobeh
Okawaru
Qazlal
Ru
Sif Muna
Trog
Uskayaw
Vehumet
Wu Jian
Xom
Yredelemnul
Zin
The Shining One
Beogh
Jiyva
Lugonu


Innate Abilities, Weirdness & Mutations

Your experience applies equally to all skills.
You have very sharp teeth.
Your uncanny sense of smell can sniff out nearby items.


Message History

Your Stealth skill increases to level 5!
Your Unarmed Combat skill increases to level 5!
Your Spellcasting skill increases to level 5!
Your Conjurations skill increases to level 4!
Your Hexes skill increases to level 4!
Your Charms skill increases to level 4!
Your Summonings skill increases to level 4!
Your Necromancy skill increases to level 4!
Your Translocations skill increases to level 4!
Your Transmutations skill increases to level 4!
Your Fire Magic skill increases to level 4!
Your Ice Magic skill increases to level 4!
Your Air Magic skill increases to level 4!
Your Earth Magic skill increases to level 4!
Your Poison Magic skill increases to level 4!
Your Invocations skill increases to level 6!
Your Evocations skill increases to level 5!
You have reached level 7!
The centaur warrior wields a +0 longbow.
The centaur warrior shoots an arrow.
The arrow hits you!
You die...

∆∆∆∆ ∆ ∆∆∆∆
▓▓▓▓▓▓▓▓▓▓▓▓▓▓▓▓▓▓▓▓▓▓▓▓
'..|).[[..).....@)cyJZ..
▓▓▓▓▓▓▓▓▓▓▓▓▓▓▓▓▓▓▓▓▓▓▓▓


You could see a centaur warrior, a jelly, a killer bee and a bat zombie.

Vanquished Creatures
  A gargoyle (D)
  An orc warrior (D)
  A sky beast (D)
  A killer bee (D)
  2 hounds (D)
  A worker ant (D)
  A gnoll (D)
  An adder (D)
  2 leopard geckos (D)
  An orc (D)
  A giant cockroach (D)
  A jackal (D)
  A kobold (D)
  A frilled lizard (D)
  A giant cockroach zombie (D)
  A quokka skeleton (D)
18 creatures vanquished.

Notes
Turn   | Place    | Note
-------+----------+-------------------------------------------
     0 | D        | Groucho the Gnoll Fighter began the quest for the Orb.
     0 | D        | Reached XP level 1. HP: 23/23 MP: 1/1
    12 | D        | Reached skill level 1 in Short Blades
    12 | D        | Reached skill level 1 in Axes
    12 | D        | Reached skill level 1 in Maces & Flails
    12 | D        | Reached skill level 1 in Polearms
    12 | D        | Reached skill level 1 in Staves
    12 | D        | Reached skill level 1 in Slings
    12 | D        | Reached skill level 1 in Bows
    12 | D        | Reached skill level 1 in Crossbows
    12 | D        | Reached skill level 1 in Throwing
    12 | D        | Reached skill level 1 in Dodging
    12 | D        | Reached skill level 1 in Stealth
    12 | D        | Reached skill level 1 in Unarmed Combat
    12 | D        | Reached skill level 1 in Spellcasting
    12 | D        | Reached skill level 1 in Invocations
    12 | D        | Reached skill level 1 in Evocations
    13 | D        | Reached XP level 2. HP: 26/29 MP: 1/3
   152 | D        | Reached skill level 1 in Conjurations
   152 | D        | Reached skill level 1 in Hexes
   152 | D        | Reached skill level 1 in Charms
   152 | D        | Reached skill level 1 in Summonings
   152 | D        | Reached skill level 1 in Necromancy
   152 | D        | Reached skill level 1 in Translocations
   152 | D        | Reached skill level 1 in Transmutations
   152 | D        | Reached skill level 1 in Fire Magic
   152 | D        | Reached skill level 1 in Ice Magic
   152 | D        | Reached skill level 1 in Air Magic
   152 | D        | Reached skill level 1 in Earth Magic
   152 | D        | Reached skill level 1 in Poison Magic
   152 | D        | Reached XP level 3. HP: 32/35 MP: 3/5
   157 | D        | Reached skill level 5 in Long Blades
   176 | D        | Found a roughly hewn altar of Beogh.
   176 | D        | Found a snail-covered altar of Cheibriados.
   176 | D        | Found a shadowy altar of Dithmenos.
   176 | D        | Found a white marble altar of Elyvilon.
   176 | D        | Found a blossoming altar of Fedhas.
   176 | D        | Found an opulent altar of Gozag.
   177 | D        | Found a hazy altar of Hepliaklqana.
   178 | D        | Found a viscous altar of Jiyva.
   179 | D        | Found an ancient bone altar of Kikubaaqudgha.
   282 | D        | Found a corrupted altar of Lugonu.
   284 | D        | Became a worshipper of Cheibriados the Contemplative
   286 | D        | Found a burning altar of Makhleb.
   287 | D        | Found a sparkling altar of Nemelex Xobeh.
   288 | D        | Found an iron altar of Okawaru.
   289 | D        | Found a stormy altar of Qazlal.
   290 | D        | Found a sacrificial altar of Ru.
   291 | D        | Found a shimmering blue altar of Sif Muna.
   292 | D        | Found a bloodstained altar of Trog.
   293 | D        | Found a hide-covered altar of Uskayaw.
   294 | D        | Found a radiant altar of Vehumet.
   295 | D        | Found an ornate altar of the Wu Jian Council.
   296 | D        | Found a shimmering altar of Xom.
   297 | D        | Found a basalt altar of Yredelemnul.
   298 | D        | Found a glowing silver altar of Zin.
   299 | D        | Found a glowing golden altar of the Shining One.
   316 | D        | Found the +7 Spriggan's Knife {stab, EV+4 Stlth+}
   346 | D        | Noticed a sky beast
   346 | D        | Noticed a killer bee
   346 | D        | Noticed an orc warrior
   355 | D        | Killed a sky beast
   355 | D        | Reached XP level 4. HP: 35/43 MP: 6/8
   355 | D        | Reached XP level 5. HP: 40/48 MP: 6/9
   357 | D        | Reached * piety under Cheibriados
   362 | D        | Killed an orc warrior
   362 | D        | Reached ** piety under Cheibriados
   362 | D        | Reached XP level 6. HP: 31/56 MP: 7/12
   373 | D        | Reached *** piety under Cheibriados
   717 | D        | Noticed a gargoyle
   717 | D        | Noticed a centaur warrior
   720 | D        | Reached skill level 5 in Invocations
   734 | D        | Killed a gargoyle
   734 | D        | Reached skill level 5 in Short Blades
   734 | D        | Reached skill level 5 in Axes
   734 | D        | Reached skill level 5 in Maces & Flails
   734 | D        | Reached skill level 5 in Polearms
   734 | D        | Reached skill level 5 in Staves
   734 | D        | Reached skill level 5 in Slings
   734 | D        | Reached skill level 5 in Bows
   734 | D        | Reached skill level 5 in Crossbows
   734 | D        | Reached skill level 5 in Throwing
   734 | D        | Reached skill level 5 in Dodging
   734 | D        | Reached skill level 5 in Stealth
   734 | D        | Reached skill level 5 in Unarmed Combat
   734 | D        | Reached skill level 5 in Spellcasting
   734 | D        | Reached skill level 5 in Evocations
   734 | D        | Reached XP level 7. HP: 3/63 MP: 12/15
   734 | D        | Shot with an arrow by a centaur warrior

Illustrated notes

Levels and vault maps discovered:
D:        linesprint [early_d, line_temple, items_1, d_10, items_2, lair_1,
          lair_end, items_3, orc_1, orc_end, items_4, d_15, swamp_1, shoals_1,
          snake_1, spider_1, d_20, vaults_1, items_5, swamp_end, shoals_end,
          snake_end, spider_end, vaults_end, d_27, items_6, zot_1, zot_end,
          crypt_end, forest_end, elf_end, slime_end, tomb_end, abyss_end,
          pan_hell_end]

Skill      XL: |  1  2  3  4  5  6 |
---------------+-------------------+-----
Short Blades   | 1 3 4 5 |  5.4
Axes           | 1 3 4 5 |  5.4
Maces & Flails | 1 3 4 5 |  5.4
Polearms       | 1 3 4 5 |  5.4
Staves         | 1 3 4 5 |  5.4
Slings         | 1 3 4 5 |  5.4
Bows           | 1 3 4 5 |  5.4
Crossbows      | 1 3 4 5 |  5.4
Throwing       | 1 3 4 5 |  5.4
Dodging        | 1 3 4 5 |  5.4
Stealth        | 1 3 4 5 |  5.4
Unarmed Combat | 1 3 4 5 |  5.4
Spellcasting   | 1 3 4 5 |  5.4
Invocations    | 1 2 3 4 6 |  6.0
Evocations     | 1 3 4 5 |  5.4
Conjurations   | 1 2 3 4 |  4.5
Hexes          | 1 2 3 4 |  4.5
Charms         | 1 2 3 4 |  4.5
Summonings     | 1 2 3 4 |  4.5
Necromancy     | 1 2 3 4 |  4.5
Translocations | 1 2 3 4 |  4.5
Transmutations | 1 2 3 4 |  4.5
Fire Magic     | 1 2 3 4 |  4.5
Ice Magic      | 1 2 3 4 |  4.5
Air Magic      | 1 2 3 4 |  4.5
Earth Magic    | 1 2 3 4 |  4.5
Poison Magic   | 1 2 3 4 |  4.5
Long Blades    | 5 6 7 |  7.2
Fighting       | 7 8 |  8.6
Armour         | 7 8 |  8.6
Shields        | 7 8 |  8.6

Action                   |  1- 3 |  4- 6 |  7- 9 || total
-------------------------+-------+-------+-------++-------
Melee: Long sword        |    36 |       |       ||    36
       Bite              |     4 |     8 |       ||    12
       Scimitar          |     9 |    35 |       ||    44
  Use: Potion            |     1 |       |       ||     1
Armor: Scale mail        |     8 |       |       ||     8
       Chain mail        |     5 |     7 |       ||    12
Dodge: Dodged            |     7 |     9 |       ||    16
Block: Kite shield       |    14 |    15 |       ||    29
       Rpst.: Long sword |     3 |       |       ||     3
       Scimitar          |       |     1 |       ||     1
